 Dungeon Crawl Stone Soup version 0.28.0-45-g0d030f2227 (webtiles) character file.

Game seed: 18197476839063893583

73 Woods the Insei (level 4, -2/34 HPs)
             Began as a Gnoll Transmuter on Apr 8, 2022.
             Slain by a quokka (4 damage)
             ... on level 2 of the Dungeon.
             The game lasted 00:01:29 (1582 turns).

Woods the Insei (Gnoll Transmuter)                  Turns: 1582, Time: 00:01:30

Health: -2/34      AC:  2    Str:  9    XL:     4   Next: 27%
Magic:  11/11      EV: 13    Int: 14    God:
Gold:   105        SH:  0    Dex: 13    Spells: 7/13 levels left

rFire   . . .      SeeInvis .     - Unarmed
rCold   . . .      Faith    .   (no shield)
rNeg    . . .      Spirit   .   a - +0 robe
rPois   .          Reflect  .   (no helmet)
rElec   .          Harm     .   (no cloak)
rCorr   .          Rampage  .   (no gloves)
Will    .....                   (no boots)
Stlth   ++........              (no amulet)
HPRegen 0.11/turn               (no ring)
MPRegen 0.12/turn               (no ring)

@: no status effects
A: fangs 1, strong nose, distributed training
a: no special abilities


You were on level 2 of the Dungeon.
You visited 1 branch of the dungeon, and saw 3 of its levels.

You collected 105 gold pieces.

Inventory:

Armour
 a - a +0 robe (worn)
Jewellery
 e - a ring of fire
Scrolls
 b - a scroll of enchant armour {unknown}
 c - 2 scrolls of teleportation {unknown}
 d - a scroll of enchant weapon {unknown}


   Skills:
 + Level 2.7 Fighting
 + Level 1.1 Short Blades
 + Level 1.1 Long Blades
 + Level 1.1 Axes
 + Level 1.1 Maces & Flails
 + Level 1.1 Polearms
 + Level 1.1 Staves
 + Level 1.1 Slings
 + Level 1.1 Bows
 + Level 1.1 Crossbows
 + Level 1.1 Throwing
 + Level 1.1 Armour
 + Level 4.6 Dodging
 + Level 1.1 Stealth
 + Level 1.1 Shields
 + Level 6.6 Unarmed Combat
 + Level 5.0 Spellcasting
 + Level 0.8 Conjurations
 + Level 0.8 Hexes
 + Level 0.8 Summonings
 + Level 0.8 Necromancy
 + Level 0.8 Translocations
 + Level 3.8 Transmutations
 + Level 0.8 Fire Magic
 + Level 0.8 Ice Magic
 + Level 0.8 Air Magic
 + Level 0.8 Earth Magic
 + Level 0.8 Poison Magic
 + Level 1.2 Invocations
 + Level 1.1 Evocations


You had 7 spell levels left.
You knew the following spells:

 Your Spells              Type           Power      Damage    Failure   Level
a - Beastly Appendage     Tmut           28%        N/A       3%          1
b - Wereblood             Tmut           14%        N/A       5%          2
c - Spider Form           Tmut/Pois      10%        N/A       21%         3

Your spell library contained the following spells:

 Spells                   Type           Power      Damage    Failure   Level
 Ice Form                 Ice/Tmut       10%        N/A       54%         4
 Malign Gateway           Summ/Tloc      3%         N/A       100%        7
 Summon Horrible Things   Summ           3%         N/A       100%        8


Dungeon Overview and Level Annotations

Branches:
Dungeon (3/15)

Altars:
Hepliaklqana


Innate Abilities, Weirdness & Mutations

You have very sharp teeth.
Your uncanny sense of smell can sniff out nearby items.
Your experience applies equally to all skills.


Message History

A rat comes into view.
The dart slug launches a dart at you. The slug dart misses you.
The orc misses you.
You hit the orc. You headbutt the orc!
You kill the orc!
The ogre closely misses you.
You hit the ogre but do no damage. You claw the ogre.
You punch the ogre, but do no damage.
The ogre is lightly wounded.
Your transformation is almost over.
The ogre hits you with a +0 giant club!
Ouch! That really hurt!
* * * LOW HITPOINT WARNING * * *
The dart slug launches a dart at you. The slug dart misses you.
You are too injured to fight recklessly!
The dart slug launches a dart at you. The slug dart hits you.
* * * LOW HITPOINT WARNING * * *
Your horns disappear.
Your talons disappear.
The dart slug briefly extends its eye-stalks.
A quokka comes into view.
A ball python comes into view.
The quokka twitches its whiskers.
The quokka barely misses you. The dart slug launches a dart at you.
The slug dart misses you. The dart slug launches a dart at you.
The slug dart misses you. The quokka bites you.
* * * LOW HITPOINT WARNING * * *
The dart slug closely misses you.
There is a stone staircase leading up here.
The quokka misses you. The quokka bites you.
* * * LOW HITPOINT WARNING * * *
You climb upwards.
There is a stone staircase leading down here.
You barely miss the quokka. The quokka misses you.
You hit the quokka but do no damage. The quokka bites you.
You die...

........)....#....#####.#######
########.....###### #.#
###....## ########.# #...#.##
#........# ##.###.# #.######>#
##......### #.# #.####
#.........# #.# #.##.##
#..._...#.# #r# #.....#####
#....)..#.# #@# #..........
#.......#.# #.# #.#...#####
#.#.#.#.#.###.### #.#..##
#.#.............####.#..#
#.#####.#.###.#.........#
#.#####.......######....#
#....รท....##### ######
###########


You could see a quokka.

Vanquished Creatures
  4 gnolls (D:2)
  A worm (D:3)
  An orc (D:3)
  5 bats
  A giant cockroach (D:1)
  5 hobgoblins
  3 jackals (D:1)
  3 ball pythons
  A frilled lizard (D:1)
  3 kobolds
  2 rats
29 creatures vanquished.

Vanquished Creatures (others)
  4 plants (D:2)
4 creatures vanquished.

Grand Total: 33 creatures vanquished

Notes
Turn   | Place    | Note
-------+----------+-------------------------------------------
     0 | D:1      | Woods the Gnoll Transmuter began the quest for the Orb.
     0 | D:1      | Reached XP level 1. HP: 17/17 MP: 6/6
   169 | D:1      | Reached XP level 2. HP: 19/23 MP: 5/7
   342 | D:1      | Learned a level 2 spell: Wereblood
   670 | D:2      | Reached skill level 5 in Spellcasting
   670 | D:2      | Reached XP level 3. HP: 24/28 MP: 4/9
   678 | D:2      | Reached skill level 1 in Invocations
   682 | D:2      | Reached skill level 1 in Short Blades
   682 | D:2      | Reached skill level 1 in Long Blades
   682 | D:2      | Reached skill level 1 in Axes
   682 | D:2      | Reached skill level 1 in Maces & Flails
   682 | D:2      | Reached skill level 1 in Polearms
   682 | D:2      | Reached skill level 1 in Staves
   682 | D:2      | Reached skill level 1 in Slings
   682 | D:2      | Reached skill level 1 in Bows
   682 | D:2      | Reached skill level 1 in Crossbows
   682 | D:2      | Reached skill level 1 in Throwing
   682 | D:2      | Reached skill level 1 in Armour
   682 | D:2      | Reached skill level 1 in Stealth
   682 | D:2      | Reached skill level 1 in Shields
   682 | D:2      | Reached skill level 1 in Evocations
   682 | D:2      | Reached XP level 4. HP: 13/34 MP: 6/11
   916 | D:2      | Learned a level 3 spell: Spider Form
  1224 | D:2      | Found a hazy altar of Hepliaklqana.
  1543 | D:3      | Noticed an ogre
  1582 | D:2      | Slain by a quokka

Illustrated notes

Levels and vault maps discovered:
D:1:      minmay_arrival_statue_studded, layout_basic
D:2:      layout_loops_ring, basic_altar, chequers_big_river
D:3:      layout_rooms, grunt_ministairs_14, nicolae_wormholes

Skill      XL: |  1  2  3 |
---------------+----------+-----
Spellcasting   | 5 |  5.0
Invocations    | 1 |  1.2
Short Blades   | 1 |  1.1
Long Blades    | 1 |  1.1
Axes           | 1 |  1.1
Maces & Flails | 1 |  1.1
Polearms       | 1 |  1.1
Staves         | 1 |  1.1
Slings         | 1 |  1.1
Bows           | 1 |  1.1
Crossbows      | 1 |  1.1
Throwing       | 1 |  1.1
Armour         | 1 |  1.1
Stealth        | 1 |  1.1
Shields        | 1 |  1.1
Evocations     | 1 |  1.1
Fighting       | |  2.7
Dodging        | |  4.6
Unarmed Combat | |  6.6
Conjurations   | |  0.8
Hexes          | |  0.8
Summonings     | |  0.8
Necromancy     | |  0.8
Translocations | |  0.8
Transmutations | |  3.8
Fire Magic     | |  0.8
Ice Magic      | |  0.8
Air Magic      | |  0.8
Earth Magic    | |  0.8
Poison Magic   | |  0.8

Action                   |  1- 3 |  4- 6 || total
-------------------------+-------+-------++-------
Melee: Unarmed           |    40 |    24 ||    64
       Kick              |     8 |     3 ||    11
       Bite              |     1 |     1 ||     2
       Headbutt          |     8 |     3 ||    11
       Punch             |     2 |     1 ||     3
 Cast: Beastly Appendage |     8 |     5 ||    13
       Wereblood         |     1 |       ||     1
Armor: Robe              |     3 |     7 ||    10
Dodge: Dodged            |    21 |    15 ||    36
